 Dungeon Crawl Stone Soup version 0.21.1-1-g345015fe64 (webtiles) character file.

4213 Ivernyr the Protected (level 10, 0/74 HPs)
             Began as a Demonspawn Skald on Apr 25, 2018.
             Was a Follower of Nemelex Xobeh.
             Killed themself with a badly aimed iceblast (9 damage)
             ... on level 8 of the Dungeon.
             The game lasted 00:36:57 (8969 turns).

Ivernyr the Protected (Demonspawn Skald)            Turns: 8969, Time: 00:36:58

Health: 0/74       AC: 16    Str:  9    XL:     10   Next: 9%
Magic:  11/13      EV: 17    Int: 14    God:    Nemelex Xobeh [*.....]
Gold:   306        SH:  0    Dex: 26    Spells: 5/13 levels left

rFire    + . .     SeeInvis .   a - +1 falchion (freeze)
rCold    + . .     Gourm    .   (no shield)
rNeg     + . .     Faith    .   q - +0 leather armour (curse)
rPois    .         Spirit   .   g - +2 helmet
rElec    .         Reflect  .   P - +0 cloak (curse)
rCorr    .         Harm     .   u - +0 pair of gloves (curse)
MR       +....                  (no boots)
Stlth    +++.......             v - amulet of regeneration
HPRegen  0.62/turn              H - ring of Fun {Ice rN+ MR+ Str-2 Dex+4}
MPRegen  0.13/turn              s - ring of protection from fire

@: agile, sanguine armour, slowed, very slow
A: hooves 2, fire resistance 1, powered by pain 2, sanguine armour 1
a: Renounce Religion


You were on level 8 of the Dungeon.
You worshipped Nemelex Xobeh.
Nemelex Xobeh was aware of your devotion.
You were not hungry.

You visited 2 branches of the dungeon, and saw 9 of its levels.

You collected 306 gold pieces.

Inventory:

Hand Weapons
 a - a +1 falchion of freezing (weapon)
Armour
 b - a +0 buckler
 g - a +2 helmet (worn)
 q - a cursed +0 leather armour (worn)
 u - a cursed +0 pair of gloves (worn)
 P - a cursed +0 cloak (worn)
Jewellery
 s - a ring of protection from fire (right hand)
 v - an amulet of regeneration (around neck)
 z - an uncursed ring of protection from cold
 E - a +2 amulet of reflection
 H - the ring of Fun (left hand) {Ice rN+ MR+ Str-2 Dex+4}
   (You found it on level 6 of the Dungeon)

   [ring of ice]

   It enhances your ice magic.
   It affects your strength (-2).
   It affects your dexterity (+4).
   It makes you vulnerable to fire.
   It protects you from cold.
   It protects you from negative energy.
   It affects your resistance to hostile enchantments.
 L - an uncursed amulet of harm {unknown}
 M - an uncursed ring of resist corrosion
 O - an uncursed ring of flight {unknown}
Wands
 D - a wand of flame (30)
 F - a wand of iceblast (9)
 N - a wand of polymorph (9)
Scrolls
 e - 8 scrolls of remove curse
 f - a scroll of identify
 h - 4 scrolls of teleportation
 m - 3 scrolls of amnesia
 r - 2 scrolls of blinking
 y - a scroll of enchant weapon {unknown}
 B - a scroll of noise {unknown}
 C - a scroll of magic mapping {unknown}
 J - a scroll of fear {unknown}
 K - a scroll of immolation {unknown}
Potions
 i - a potion of mutation {unknown}
 j - 6 potions of brilliance
 k - 3 potions of heal wounds
 l - a potion of invisibility {unknown}
 n - a potion of berserk rage {unknown}
 p - 7 potions of curing
 t - 2 potions of degeneration {unknown}
 x - 4 potions of flight {unknown}
 I - a potion of resistance {unknown}
Books
 c - a book of Battle

   Spells                             Type                      Level
   a - Infusion                       Charms                       1
   b - Shroud of Golubria             Charms/Translocation         2
   c - Song of Slaying                Charms                       2
   d - Spectral Weapon                Hexes/Charms                 3
   e - Regeneration                   Charms/Necromancy            3
 o - a book of Maledictions

   Spells                             Type                      Level
   a - Corona                         Hexes                        1
   b - Ensorcelled Hibernation        Hexes/Ice                    2
   c - Confuse                        Hexes                        3
   d - Tukima's Dance                 Hexes                        3
   e - Dazzling Spray                 Conjuration/Hexes            3
 w - a book of Minor Magic

   Spells                             Type                      Level
   a - Magic Dart                     Conjuration                  1
   b - Blink                          Translocation                2
   c - Call Imp                       Summoning                    2
   d - Slow                           Hexes                        2
   e - Conjure Flame                  Conjuration/Fire             3
   f - Mephitic Cloud                 Conjuration/Poison/Air       3
Comestibles
 d - 14 rations


   Skills:
 - Level 5.4 Fighting
 - Level 5.0 Long Blades
 * Level 8.5 Armour
 - Level 1.7 Dodging
 + Level 3.3 Shields
 - Level 2.0 Spellcasting
 + Level 6.6 Charms
 + Level 5.0 Invocations


You had 5 spell levels left.
You knew the following spells:

 Your Spells              Type           Power        Failure   Level  Hunger
a - Shroud of Golubria    Chrm/Tloc      ##........   12%         2    ###....
b - Song of Slaying       Chrm           ###.....     3%          2    ###....
c - Infusion              Chrm           ###.         1%          1    ##.....
d - Regeneration          Chrm/Necr      ##........   24%         3    ####...


Dungeon Overview and Level Annotations

Branches:
Dungeon (8/15)             Temple (1/1) D:7
   Lair: D:8-11

Altars:
Ashenzari
Cheibriados
Elyvilon
Gozag
Hepliaklqana
Makhleb
Nemelex Xobeh
Okawaru
Qazlal
Ru
Sif Muna
Trog
Uskayaw
Vehumet
Xom
Zin

Shops:
D:4 =*[%!   D:5 :   D:7 [

Annotations:
D:5 Beodren's ghost, novice MiFi
D:8 Maurice


Innate Abilities, Weirdness & Mutations

You have hoof-like feet.
Your flesh is heat resistant. (rF+)
You sometimes gain power by taking damage.
When seriously injured, your bleeding wounds create armour. (AC +6)


Message History

* * * LOW HITPOINT WARNING * * *
Aiming: Iceblast
Press: ? - help, Shift-Dir - straight line The mass of ice explodes!
The iceblast engulfs something.
The iceblast engulfs you! You partially resist.
* * * LOW HITPOINT WARNING * * *
Something hits you but does no damage.
That item cannot be evoked!
Aiming: Iceblast
Press: ? - help, Shift-Dir - straight line The mass of ice explodes!
The iceblast engulfs something.
Reactivating autopickup.
Your Invocations skill increases to level 5!
You have reached level 10!
Your demonic ancestry asserts itself...
You feel resistant to heat.
You feel a bit more experienced. The iceblast engulfs you!
You partially resist.
You die...
Your body disappears without a glow.

...#####..# ... ......
.....#....# #..# #.....
.....(...## #..# #z....
..........# ##.# #.# ....#
.....##...###..# #.## ...#
...#####.......## ##..# ... .###
##.......# ##...## #.. .#
##..####.[## ##.....#####.. ..##
##...# ##.@###........)#...
...###...## ##)<...........)..#
.........# #.......#.......##
.........#######......##........#
..................##.......####..
................#####.....## ##.
..........####..# ##...## ##
..........## #..# #...## #
....#####..# #..# #....## #


There were no monsters in sight!

Vanquished Creatures
  Erica (D:8)
  Pikel (D:5)
  A raiju (D:8)
  Eustachio (D:5)
  A wyvern (D:5)
  2 sky beasts (D:6)
  A slave (D:5)
  2 ogres
  2 black bears
  An ice beast (D:8)
  2 bullfrogs (D:8)
  A water moccasin zombie (D:5)
  4 wights
  2 crimson imps
  A quasit (D:8)
  4 hounds
  A bullfrog zombie (D:5)
  7 orc wizards
  3 orc priests
  A bullfrog skeleton (D:5)
  3 jellies
  An iguana (D:3)
  A worker ant (D:5)
  2 worker ant zombies (D:7)
  4 gnolls (D:4)
  7 adders
  A shadow imp (D:5)
  An adder zombie (D:8)
  4 worms (D:3)
  2 dart slugs
  8 leopard geckos
  17 orcs
  3 giant cockroaches
  6 goblins
  7 hobgoblins
  2 quokkas
  6 ball pythons
  7 bats
  4 frilled lizards
  A jackal skeleton (D:8)
  4 kobolds
  A leopard gecko skeleton (D:4)
  A quokka zombie (D:8)
  6 rats
138 creatures vanquished.

Vanquished Creatures (collateral kills)
  A two-headed ogre (D:8)
  A troll (D:8)
  Menkaure (D:7)
  A bullfrog (D:8)
  A wight (D:8)
  A worker ant (D:8)
  An orc wizard (D:8)
  2 orcs (D:8)
9 creatures vanquished.

Vanquished Creatures (others)
  A slave (D:5)
  2 hounds (D:5)
  An orc priest (D:5)
  An orc wizard (D:6)
  An iguana (D:5)
  A worker ant (D:5)
  A giant cockroach (D:5)
8 creatures vanquished.

Grand Total: 155 creatures vanquished

Notes
Turn   | Place    | Note
-------+----------+-------------------------------------------
     0 | D:1      | Ivernyr the Demonspawn Skald began the quest for the Orb.
     0 | D:1      | Reached XP level 1. HP: 16/16 MP: 3/3
    10 | D:1      | Reached skill level 1 in Armour
   217 | D:1      | Gained mutation: You sometimes gain a little power by taking damage. [demonic ancestry]
   217 | D:1      | Reached XP level 2. HP: 22/22 MP: 5/5
   680 | D:1      | Learned a level 2 spell: Song of Slaying
   683 | D:1      | Learned a level 2 spell: Shroud of Golubria
  1296 | D:1      | Gained mutation: You have large cloven feet. [demonic ancestry]
  1296 | D:1      | Reached XP level 3. HP: 14/28 MP: 6/6
  1472 | D:2      | Reached skill level 2 in Armour
  1903 | D:2      | Gained mutation: You sometimes gain power by taking damage. [demonic ancestry]
  1903 | D:2      | Reached XP level 4. HP: 34/34 MP: 4/7
  2593 | D:3      | Found a radiant altar of Vehumet.
  3010 | D:4      | Reached XP level 5. HP: 36/40 MP: 3/8
  3056 | D:4      | Reached skill level 3 in Armour
  3061 | D:4      | Noticed an ogre
  3241 | D:4      | Killed an ogre
  3241 | D:4      | Reached XP level 6. HP: 39/47 MP: 2/9
  3372 | D:4      | Found Vuanun's Food Shop.
  3381 | D:4      | Learned a level 3 spell: Regeneration
  3425 | D:4      | Found Towaciz's Armour Shop.
  3837 | D:4      | Found Wuqoos's Distillery.
  3878 | D:4      | Found a deep blue altar of Sif Muna.
  3901 | D:4      | Found Irphorph's Elemental Accessories.
  4384 | D:4      | Reached skill level 4 in Armour
  4491 | D:4      | Found Juiczamn's Jewellery Boutique.
  4667 | D:5      | Entered Level 5 of the Dungeon
  4724 | D:5      | Reached XP level 7. HP: 45/53 MP: 8/10
  4763 | D:5      | Noticed Eustachio
  4823 | D:5      | Killed Eustachio
  4950 | D:5      | Found a sacrificial altar of Ru.
  5026 | D:5      | Reached skill level 5 in Armour
  5207 | D:5      | Noticed Beodren's ghost (novice MiFi)
  5408 | D:5      | Noticed a wyvern
  5419 | D:5      | Killed a wyvern
  5419 | D:5      | Gained mutation: When seriously injured, your bleeding wounds create armour. (AC +6) [demonic ancestry]
  5419 | D:5      | Reached XP level 8. HP: 26/61 MP: 7/11
  5502 | D:5      | Found an opulent altar of Gozag.
  5558 | D:5      | Found a shimmering altar of Xom.
  5593 | D:5      | Found Qis Dan's Book Emporium.
  5927 | D:6      | Noticed Pikel
  5979 | D:5      | Killed Pikel
  5979 | D:5      | Reached skill level 5 in Fighting
  5979 | D:5      | Reached skill level 6 in Armour
  5979 | D:5      | Reached skill level 5 in Charms
  6248 | D:6      | Found a burning altar of Makhleb.
  6278 | D:6      | Noticed Edmund
  6417 | D:6      | Got a transparent iron ring
  6419 | D:6      | Identified the ring of Fun {Ice rN+ MR+ Str-2 Dex+4} (You found it on level 6 of the Dungeon)
  6552 | D:6      | Reached skill level 5 in Long Blades
  6900 | D:7      | Found Kodur's Antique Armour Shoppe.
  6942 | D:7      | Found a staircase to the Ecumenical Temple.
  6947 | Temple   | Entered the Ecumenical Temple
  7019 | Temple   | Became a worshipper of Nemelex Xobeh the Trickster
  7045 | D:7      | Found a hazy altar of Hepliaklqana.
  7045 | D:7      | Found an iron altar of Okawaru.
  7045 | D:7      | Found a radiant altar of Vehumet.
  7045 | D:7      | Found a stormy altar of Qazlal.
  7046 | D:7      | Found a white marble altar of Elyvilon.
  7046 | D:7      | Found a snail-covered altar of Cheibriados.
  7047 | D:7      | Found a radiant altar of Vehumet.
  7047 | D:7      | Found a deep blue altar of Sif Muna.
  7047 | D:7      | Found a bloodstained altar of Trog.
  7047 | D:7      | Found a deep blue altar of Sif Muna.
  7047 | D:7      | Found an iron altar of Okawaru.
  7047 | D:7      | Found an opulent altar of Gozag.
  7047 | D:7      | Received a gift from Nemelex Xobeh
  7292 | D:5      | Noticed Edmund
  7292 | D:5      | Edmund changed into Edmund the hound
  7293 | D:5      | Killed Edmund the hound
  7293 | D:5      | Gained mutation: You have hoof-like feet. [demonic ancestry]
  7293 | D:5      | Reached XP level 9. HP: 17/68 MP: 12/12
  7436 | D:7      | Reached skill level 1 in Invocations
  7524 | D:7      | Reached skill level 7 in Armour
  7586 | D:7      | Reached skill level 1 in Shields
  7988 | D:7      | Noticed Menkaure
  7996 | D:7      | Killed Menkaure
  8437 | D:8      | Received a gift from Nemelex Xobeh
  8452 | D:8      | Reached * piety under Nemelex Xobeh
  8457 | D:8      | Found a shattered altar of Ashenzari.
  8626 | D:8      | Noticed a two-headed ogre
  8631 | D:8      | Killed a two-headed ogre
  8672 | D:8      | Noticed a troll
  8675 | D:8      | a troll changed into a raiju
  8688 | D:8      | Reached skill level 8 in Armour
  8873 | D:8      | Noticed a troll
  8882 | D:8      | Killed a troll
  8908 | D:8      | Noticed Maurice
  8911 | D:8      | Noticed Erica
  8969 | D:8      | Killed Erica
  8969 | D:8      | Reached skill level 5 in Invocations
  8969 | D:8      | Gained mutation: Your flesh is heat resistant. (rF+) [demonic ancestry]
  8969 | D:8      | Reached XP level 10. HP: 9/74 MP: 11/13
  8969 | D:8      | Killed themself with a badly aimed iceblast

Skill      XL: |  1  2  3  4  5  6  7  8  9 |
---------------+----------------------------+-----
Armour         | 1 2 3 4 5 6 8 |  8.5
Long Blades    | 2 3 4 5 |  5.0
Charms         | 3 4 5 6 |  6.6
Fighting       | 3 4 5 |  5.4
Invocations    | 5 |  5.0
Shields        | 3 |  3.3
Dodging        | |  1.7
Spellcasting   | |  2.0

Action                   |  1- 3 |  4- 6 |  7- 9 | 10-12 || total
-------------------------+-------+-------+-------+-------++-------
Melee: Falchion          |    95 |   199 |   408 |       ||   702
       Kick              |     4 |    66 |   150 |       ||   220
 Cast: Shroud of Golubri |     5 |    16 |    34 |       ||    55
       Song of Slaying   |     3 |     7 |    11 |       ||    21
Evoke: Deck              |       |       |    17 |       ||    17
       Wand              |       |       |     4 |       ||     4
  Use: Scroll            |       |       |     7 |       ||     7
 Stab: Sleeping          |     1 |       |       |       ||     1
       Distracted        |       |       |     1 |       ||     1
  Eat: Ration            |     1 |       |     2 |       ||     3
       Chunk             |       |    11 |    12 |       ||    23
Armor: Leather armour    |    33 |    71 |   186 |       ||   290
Dodge: Dodged            |    62 |   161 |   241 |       ||   464
       Rpst.: Falchion   |    21 |    52 |    75 |       ||   148
